 Dungeon Crawl Stone Soup version 0.28.0-45-g0d030f2227 (webtiles) character file.

Game seed: 17396361128748393650

2148 Ablot the Cutter (level 9, -3/74 HPs)
             Began as a Gnoll Chaos Knight on Apr 20, 2022.
             Was a Plaything of Xom.
             Slain by an orc warrior
             ... wielding a +0 hand axe
              (11 damage)
             ... on level 7 of the Dungeon on Apr 21, 2022.
             The game lasted 00:09:44 (8449 turns).

Ablot the Cutter (Gnoll Chaos Knight)               Turns: 8449, Time: 00:09:44

Health: -3/74      AC:  5    Str: 14 (15) XL:     9   Next: 31%
Magic:  15/15      EV: 14    Int: 13      God:    Xom [*.....]
Gold:   318        SH:  0    Dex: 19      Spells: 16/16 levels left

rFire   + . .      SeeInvis +   a - +0 short sword (chaos)
rCold   . . .      Faith    .   (no shield)
rNeg    + . .      Spirit   .   b - +2 leather armour
rPois   .          Reflect  .   (no helmet)
rElec   .          Harm     .   (no cloak)
rCorr   .          Rampage  .   (no gloves)
Will    .....                   (no boots)
Stlth   ++++......              (no amulet)
HPRegen 0.22/turn               J - ring of positive energy
MPRegen 0.14/turn               (no ring)

@: no status effects
A: fangs 1, strong nose, distributed training, thin skeletal structure 1, see
invisible, agile 2, deterioration 1, fire resistance 1, strong 1
a: Renounce Religion


You were on level 7 of the Dungeon.
You worshipped Xom.
You were a special plaything of Xom.
You visited 1 branch of the dungeon, and saw 8 of its levels.

You collected 318 gold pieces.

Inventory:

Hand Weapons
 a - a +0 short sword of chaos (weapon)
 A - a +1 dagger of venom
Missiles
 d - 215 stones
 j - 4 curare-tipped darts
 k - 100 bolts
 s - 14 poisoned darts (quivered)
 x - 113 arrows
 B - 5 boomerangs
 F - 5 atropa-tipped darts
 G - 4 silver javelins
Armour
 b - a +2 leather armour (worn)
Jewellery
 J - a ring of positive energy (left hand)
Wands
 l - a wand of digging (4)
 v - a wand of acid (18)
 D - a wand of mindburst (20)
 E - a wand of charming (7)
Scrolls
 c - 9 scrolls of identify {unknown}
 f - 3 scrolls of enchant weapon {unknown}
 m - 2 scrolls of magic mapping {unknown}
 n - a scroll of noise {unknown}
 q - 2 scrolls of vulnerability {unknown}
 r - a scroll of brand weapon {unknown}
 t - a scroll of fog {unknown}
 y - a scroll of silence {unknown}
 C - a scroll of fear {unknown}
 I - a scroll of teleportation {unknown}
Potions
 e - 3 potions of cancellation {unknown}
 g - 2 potions of flight {unknown}
 h - a potion of magic {unknown}
 i - 5 potions of curing {unknown}
 o - a potion of attraction {unknown}
 p - a potion of degeneration {unknown}
 u - 2 potions of lignification {unknown}
 w - a potion of berserk rage {unknown}
 z - a potion of invisibility {unknown}
 H - a potion of ambrosia {unknown}


   Skills:
 + Level 7.8 Fighting
 + Level 7.8 Short Blades
 + Level 4.1 Long Blades
 + Level 4.1 Axes
 + Level 4.1 Maces & Flails
 + Level 4.1 Polearms
 + Level 4.1 Staves
 + Level 4.1 Slings
 + Level 4.1 Bows
 + Level 4.1 Crossbows
 + Level 4.1 Throwing
 + Level 6.2 Armour
 + Level 4.9 Dodging
 + Level 4.1 Stealth
 + Level 4.1 Shields
 + Level 4.1 Unarmed Combat
 + Level 4.1 Spellcasting
 + Level 3.4 Conjurations
 + Level 3.4 Hexes
 + Level 3.4 Summonings
 + Level 3.4 Necromancy
 + Level 3.4 Translocations
 + Level 3.4 Transmutations
 + Level 3.4 Fire Magic
 + Level 3.4 Ice Magic
 + Level 3.4 Air Magic
 + Level 3.4 Earth Magic
 + Level 3.4 Poison Magic
 + Level 4.5 Invocations
 + Level 4.1 Evocations


You had 16 spell levels left.
You didn't know any spells.
Your spell library was empty.

Dungeon Overview and Level Annotations

Branches:
Dungeon (8/15)             Temple (0/1) D:5
   Lair: D:8-11

Altars:
Xom

Annotations:
D:8 exclusion: wyvern


Innate Abilities, Weirdness & Mutations

You have very sharp teeth.
Your uncanny sense of smell can sniff out nearby items.
Your experience applies equally to all skills.
You have a somewhat thin skeletal structure. (Dex +2, Stealth+)
You have supernaturally acute eyesight. (SInv)
You are very agile. (Dex +4)
Your body sometimes deteriorates upon taking damage.
Your flesh is heat resistant. (rF+)
Your muscles are strong. (Str +2)


Message History

You hit the orc warrior but do no damage.
The orc warrior is poisoned.
The orc warrior barely misses you.
You hit the orc wizard but do no damage.
The orc wizard hits you with a +0 dagger.
You hit the orc wizard. You burn the orc wizard.
The orc wizard is moderately wounded.
The orc warrior completely misses you.
You hit the orc wizard.
You feel better.
The orc wizard is heavily wounded.
The orc wizard points at you and mumbles some strange words.
The puff of flame misses you.
The orc warrior hits you with a +0 hand axe!
You hit the orc wizard.
Space warps horribly around the orc wizard!
You kill the orc wizard!
The orc warrior hits you with a +0 hand axe!
Your body deteriorates!
You feel weakened.
You hit the orc warrior but do no damage.
The orc warrior is lightly wounded.
You hit the orc warrior but do no damage.
The orc warrior looks as sick as possible!
The orc warrior is lightly wounded.
The orc warrior hits you but does no damage.
You hit the orc warrior.
The orc warrior seems to speed up.
Xom is highly amused!
The orc warrior is lightly wounded.
The orc warrior hits you with a +0 hand axe!
* * * LOW HITPOINT WARNING * * *
You hit the orc warrior.
The orc warrior looks as sick as possible!
You bite the orc warrior, but do no damage.
The orc warrior is heavily wounded.
You are now a special plaything of Xom.
The orc warrior hits you with a +0 hand axe!
* * * LOW HITPOINT WARNING * * *
You hit the orc warrior but do no damage.
The orc warrior is heavily wounded.
The orc warrior hits you with a +0 hand axe!
You die...
Xom laughs nastily!

#.......... #..........
########### ##.........
..:.#.....####......<##.
...........#†..########.
.............### #.
............## ###
......).....# ##..
......o@....# ###..# .
......))....# ###...##
######.. ............#
#...#### ....>.#
...........## #.###
......# ..........## #.#
>.....## ####^###### #.#
.......# #. ##.#
.##..... #. #..# .# ###.
#.##


You could see an orc warrior (fast, extremely poisoned).

Vanquished Creatures
  4 sky beasts
  5 necrophages
  A centaur (D:7)
  A phantom (D:5)
  A kobold brigand (D:5)
  2 scorpions
  A water moccasin skeleton (D:5)
  3 wights
  A howler monkey (D:4)
  2 centaur zombies
  A hound (D:4)
  A jelly (D:4)
  4 orc priests
  An iguana (D:5)
  5 orc wizards
  A hound skeleton (D:5)
  A howler monkey skeleton (D:6)
  8 adders
  2 shadow imps
  A white imp (D:7)
  2 adder skeletons (D:4)
  An adder zombie (D:5)
  5 dart slugs
  A worm (D:5)
  10 orcs
  7 bats
  9 endoplasms
  2 giant cockroaches (D:3)
  10 goblins
  9 hobgoblins
  7 jackals
  12 kobolds
  2 quokkas (D:1)
  10 ball pythons
  4 frilled lizards
  A quokka skeleton (D:4)
  6 rats
144 creatures vanquished.

Vanquished Creatures (collateral kills)
  An orc warrior (D:8)
  A wyvern zombie (D:8)
  An orc priest (D:8)
  An orc wizard (D:8)
  An orc (D:8)
  A rat (D:1)
6 creatures vanquished.

Vanquished Creatures (others)
  5 orcs
5 creatures vanquished.

Grand Total: 155 creatures vanquished

Notes
Turn   | Place    | Note
-------+----------+-------------------------------------------
     0 | D:1      | Ablot the Gnoll Chaos Knight began the quest for the Orb.
     0 | D:1      | Reached XP level 1. HP: 23/23 MP: 1/1
   142 | D:1      | Reached XP level 2. HP: 29/29 MP: 2/2
   296 | D:1      | Reached XP level 3. HP: 34/35 MP: 3/3
   391 | D:1      | XOM: silly message
   425 | D:1      | Found a faded altar of an unknown god.
   432 | D:1      | XOM: smoke on damage
   661 | D:1      | XOM: summons 2 hostile demons
   819 | D:2      | Reached skill level 1 in Invocations
   985 | D:2      | Reached skill level 1 in Long Blades
   985 | D:2      | Reached skill level 1 in Axes
   985 | D:2      | Reached skill level 1 in Maces & Flails
   985 | D:2      | Reached skill level 1 in Polearms
   985 | D:2      | Reached skill level 1 in Staves
   985 | D:2      | Reached skill level 1 in Slings
   985 | D:2      | Reached skill level 1 in Bows
   985 | D:2      | Reached skill level 1 in Crossbows
   985 | D:2      | Reached skill level 1 in Throwing
   985 | D:2      | Reached skill level 1 in Stealth
   985 | D:2      | Reached skill level 1 in Shields
   985 | D:2      | Reached skill level 1 in Unarmed Combat
   985 | D:2      | Reached skill level 1 in Spellcasting
   985 | D:2      | Reached skill level 1 in Evocations
   986 | D:2      | Reached XP level 4. HP: 41/41 MP: 5/5
  1299 | D:2      | XOM: summons 4 hostile shadow creatures
  1632 | D:2      | XOM: silly message
  1903 | D:3      | Reached skill level 1 in Conjurations
  1903 | D:3      | Reached skill level 1 in Hexes
  1903 | D:3      | Reached skill level 1 in Summonings
  1903 | D:3      | Reached skill level 1 in Necromancy
  1903 | D:3      | Reached skill level 1 in Translocations
  1903 | D:3      | Reached skill level 1 in Transmutations
  1903 | D:3      | Reached skill level 1 in Fire Magic
  1903 | D:3      | Reached skill level 1 in Ice Magic
  1903 | D:3      | Reached skill level 1 in Air Magic
  1903 | D:3      | Reached skill level 1 in Earth Magic
  1903 | D:3      | Reached skill level 1 in Poison Magic
  2078 | D:3      | XOM: destruction
  2088 | D:3      | Reached XP level 5. HP: 30/47 MP: 5/7
  2699 | D:3      | XOM: 1-stop teleportation journey
  3184 | D:4      | XOM: enchant monster (bad)
  3283 | D:4      | Reached XP level 6. HP: 49/53 MP: 8/8
  3407 | D:4      | XOM: god gift: murky emerald potion {god gift}
  3810 | D:4      | XOM: enchant monster (good)
  3817 | D:4      | Reached skill level 5 in Armour
  3902 | D:4      | XOM: divination: detect creatures
  4250 | D:5      | Entered Level 5 of the Dungeon
  4333 | D:5      | XOM: cloud trail
  4452 | D:5      | XOM: confuse monster(s)
  4474 | D:5      | Noticed a sky beast
  4474 | D:5      | a jelly changed into a sky beast
  4476 | D:5      | XOM: god gift: scroll labelled JOMPIM TUIBB {god gift}
  4502 | D:5      | XOM: destruction
  4522 | D:5      | Killed a sky beast
  4523 | D:5      | Reached XP level 7. HP: 24/59 MP: 10/10
  4597 | D:5      | XOM: god gift: 5 stones
  4737 | D:5      | XOM: smoke on damage
  4801 | D:5      | XOM: give mutations
  4801 | D:5      | Gained mutation: Your body sometimes deteriorates upon
                  | taking damage. [Xom's mischief]
  4801 | D:5      | Gained mutation: You sometimes lose the ability to read
                  | scrolls when taking damage. [Xom's mischief]
  4801 | D:5      | Lost mutation: You sometimes lose the ability to read
                  | scrolls when taking damage. [Xom's mischief]
  5052 | D:5      | XOM: cloud trail
  5063 | D:5      | Found a staircase to the Ecumenical Temple.
  5063 | D:5      | XOM: 7-stop teleportation journey
  5064 | D:5      | You fall into a shaft and drop 3 floors!
  5092 | D:8      | XOM: give mutations
  5092 | D:8      | Gained mutation: You are agile. (Dex +2) [Xom's grace]
  5092 | D:8      | Gained mutation: You have supernaturally acute eyesight.
                  | (SInv) [Xom's grace]
  5092 | D:8      | Gained mutation: You are very agile. (Dex +4) [Xom's grace]
  5198 | D:8      | Noticed a wyvern
  5490 | D:8      | Noticed a wyvern
  5536 | D:7      | XOM: confuse monster(s)
  5546 | D:7      | XOM: divine lightning
  5547 | D:7      | Reached XP level 8. HP: 67/67 MP: 12/12
  5550 | D:7      | XOM: god gift: scroll labelled NIBAGR QOME {god gift}
  5933 | D:6      | XOM: scenery: summon butterflies
  6079 | D:6      | XOM: scenery: create altars
  6103 | D:6      | XOM: divination: detect items
  6142 | D:6      | XOM: summons friendly white imp
  6324 | D:6      | XOM: give mutations
  6324 | D:6      | Gained mutation: You have a somewhat thin skeletal
                  | structure. (Dex +2, Stealth+) [Xom's grace]
  6324 | D:6      | Gained mutation: Your flesh is heat resistant. (rF+) [Xom's
                  | grace]
  6324 | D:6      | Gained mutation: Your muscles are strong. (Str +2) [Xom's
                  | grace]
  6490 | D:6      | XOM: blink monster(s)
  6508 | D:6      | XOM: divination: detect creatures
  6514 | D:6      | XOM: cast spell 'Death Channel'
  6641 | D:5      | XOM: silly message
  6869 | D:5      | XOM: god gift: 4 silver javelins
  7135 | D:5      | XOM: silly message
  7137 | D:5      | XOM: summons 6 friendly demons
  7144 | D:5      | Reached XP level 9. HP: 63/73 MP: 14/14
  7283 | D:5      | XOM: smoke on damage
  7640 | D:5      | XOM: noise
  8449 | D:7      | Slain by an orc warrior

Illustrated notes

Levels and vault maps discovered:
D:1:      lemuel_arrival_tunnels, layout_rooms,
          chequers_ecumenical_altar_simple, bh_walls_and_bars
D:2:      layout_basic, serial_rivers, chequers_serial_rivers_marsh,
          chequers_serial_rivers_micro_d, chequers_serial_rivers_micro_a,
          chequers_serial_rivers_micro_a, chequers_serial_rivers_large_b,
          grunt_ministairs_7, st_stairs_12
D:3:      wad_pebble_path, layout_loops_ring, minmay_misc_feat_alley,
          minmay_between
D:4:      layout_basic, due_unseen_surprise
D:5:      layout_basic, minmay_temple_entry_mist, minmay_misc_feat_room
D:6:      layout_basic
D:7:      layout_rooms, mainiacjoe_overflow_alcove_1
D:8:      layout_basic, uniq_joseph

Skill      XL: |  1  2  3  4  5  6  7  8  9 |
---------------+----------------------------+-----
Invocations    | 1 2 3 4 |  4.5
Long Blades    | 1 2 3 4 |  4.1
Axes           | 1 2 3 4 |  4.1
Maces & Flails | 1 2 3 4 |  4.1
Polearms       | 1 2 3 4 |  4.1
Staves         | 1 2 3 4 |  4.1
Slings         | 1 2 3 4 |  4.1
Bows           | 1 2 3 4 |  4.1
Crossbows      | 1 2 3 4 |  4.1
Throwing       | 1 2 3 4 |  4.1
Stealth        | 1 2 3 4 |  4.1
Shields        | 1 2 3 4 |  4.1
Unarmed Combat | 1 2 3 4 |  4.1
Spellcasting   | 1 2 3 4 |  4.1
Evocations     | 1 2 3 4 |  4.1
Conjurations   | 1 2 3 |  3.4
Hexes          | 1 2 3 |  3.4
Summonings     | 1 2 3 |  3.4
Necromancy     | 1 2 3 |  3.4
Translocations | 1 2 3 |  3.4
Transmutations | 1 2 3 |  3.4
Fire Magic     | 1 2 3 |  3.4
Ice Magic      | 1 2 3 |  3.4
Air Magic      | 1 2 3 |  3.4
Earth Magic    | 1 2 3 |  3.4
Poison Magic   | 1 2 3 |  3.4
Dodging        | 3 4 |  4.9
Armour         | 5 6 |  6.2
Fighting       | 7 |  7.8
Short Blades   | 7 |  7.8

Action                   |  1- 3 |  4- 6 |  7- 9 || total
-------------------------+-------+-------+-------++-------
Melee: Short sword       |    91 |   266 |   314 ||   671
       Bite              |     8 |    30 |    44 ||    82
       Punch             |       |     2 |     4 ||     6
 Stab: Sleeping          |       |     5 |     2 ||     7
       Paralysed         |       |     1 |     2 ||     3
       Confused          |       |       |     2 ||     2
       Petrifying        |       |       |     1 ||     1
Armor: Leather armour    |    26 |    54 |    51 ||   131
Dodge: Dodged            |    49 |   129 |   122 ||   300
